 Dungeon Crawl Stone Soup version 0.31-a0-981-geadf994542 (webtiles) character file.

Game seed: 721535544689651941

5438 gelatine the Grappler (level 10, -8/73 HPs)
             Began as a Demonspawn Shapeshifter on Oct 31, 2023.
             Mangled by an orc warrior
             ... wielding a +0 glaive
              (19 damage)
             ... on level 9 of the Dungeon.
             The game lasted 00:20:32 (9016 turns).

gelatine the Grappler (Demonspawn Shapeshifter)     Turns: 9016, Time: 00:20:33

Health: -8/73      AC: 11    Str: 18    XL:     10   Next: 41%
Magic:  10/10      EV: 10    Int: 12    God:
Gold:   466        SH:  4    Dex: 13    Spells: 9/9 levels left

rFire   + +          .
                       - Unarmed
rCold   x . .        (no shield)
rNeg    . . .        A - +0 fire dragon scales
rPois   .            (helmet currently unavailable)
rElec   .            (cloak currently unavailable)
rCorr   .            (gloves currently unavailable)
SInv    .            (boots unavailable)
Will    .....        (no amulet) Stlth
                     (no ring)
HPRegen 0.32/turn    (no ring)
MPRegen 0.12/turn

%: no passive effects
@: beast-form
A: beast (slay +3), hooves 3, demonic guardian 1, sharp scales 2, condensation
shield
a: Begin Untransformation


You were on level 9 of the Dungeon.
You were a hulking beast.
You visited 2 branches of the dungeon, and saw 10 of its levels.

You collected 466 gold pieces.

Inventory:

Hand Weapons
 l - a +1 war axe of freezing
Missiles
 k - 25 poisoned darts
 r - a throwing net
Armour
 t - a +2 robe of willpower
 x - a +2 leather armour of cold resistance
 z - a +0 cloak
 A - +0 fire dragon scales (worn)
 E - a +0 helmet
Magical Staves
 y - a staff of death
 C - a staff of air
Jewellery
 B - a ring of poison resistance
Talismans
 a - a maw talisman
 c - a beast talisman
 d - a flux talisman
Wands
 o - a wand of mindburst (17)
 q - a wand of paralysis (7)
 w - a wand of iceblast (3)
Scrolls
 i - 4 scrolls of identify
 m - 3 scrolls of teleportation
 u - 2 scrolls of blinking
 v - a scroll of poison
 D - a scroll of enchant weapon
 F - a scroll of noise
 G - a scroll of butterflies {unknown}
Potions
 b - a potion of lignification
 e - 4 potions of invisibility
 f - 2 potions of curing
 h - a potion of berserk rage
 n - 2 potions of haste
 s - 2 potions of cancellation


   Skills:
 * Level 4.6 Fighting
 + Level 2.2 Throwing
 + Level 3.2 Armour
 + Level 4.0 Dodging
 + Level 2.3 Stealth
 + Level 0.1 Shields
 * Level 11.1 Unarmed Combat
 + Level 0.5 Evocations
 * Level 5.7 Shapeshifting


You had 9 spell levels left.
You didn't know any spells.
Your spell library was empty.

Dungeon Overview and Level Annotations

Branches:
Dungeon (9/15)             Temple (1/1) D:4             Orc (0/2) D:9
   Lair: D:8-11

Altars:
Ashenzari
Cheibriados
Dithmenos
Fedhas
Gozag
Hepliaklqana
Kikubaaqudgha
Makhleb
Nemelex Xobeh
Okawaru
Qazlal
Ru
Sif Muna
Trog
Uskayaw
Vehumet
Wu Jian
Xom
Yredelemnul

Shops:
D:7 *

Annotations:
Temple 4 transporters


Innate Abilities, Weirdness & Mutations

You are a hulking beast.
Your limbs bulge with bestial killing power. (Slay +3)
You have hooves in place of feet.
A weak demonic guardian rushes to your aid.
You are mostly covered in razor-sharp scales. (AC +2, Slay +2)
A meltable shield of frost defends you. (SH +4)


Message History

a +0 club; an orc corpse The orc warrior attacks as it pursues you!
The orc warrior hits you from afar with a +0 trident!
There is an open door, spattered with blood here.
Things that are here:
a +0 flail; an orc corpse You block the orc warrior's attack.
The orc warrior hits you from afar with a +0 glaive!!
Things that are here:
a +0 club; an orc corpse You punch the orc warrior!
The orc warrior is heavily wounded.
The orc warrior hits you with a +0 trident.
You block the orc warrior's attack.
You hit the orc warrior.
You kick the orc warrior, but do no damage.
The orc warrior is heavily wounded.
The orc warrior hits you with a +0 trident!
You barely miss the orc warrior. You punch the orc warrior!
The orc warrior is almost dead.
The orc warrior closely misses you.
You hit the orc warrior. Your kick misses the orc warrior.
The orc warrior is almost dead.
You block the orc warrior's attack.
The orc warrior hits you but does no damage.
You closely miss the orc warrior. You kick the orc warrior.
You kill the orc warrior!
The orc warrior hits you from afar with a +0 glaive!
A demonic guardian appears!
Your life force feels restored.
The orc warrior hits you with a +0 glaive.
* * * LOW HITPOINT WARNING * * *
Items here: )) [ †.
You hit the orc warrior but do no damage.
You kick the orc warrior!
The orc warrior is moderately wounded.
The orc warrior hits you with a +0 glaive!
* * * LOW HITPOINT WARNING * * *
The orc warrior hits you from afar with a +0 glaive!!
You die...

# #.........#
#...........+ #
#...<.....# #...........#
#.........# #########'###
#.........# #####..#
###^####### #.....## #.
#### ###'####### .... ..o
#..<......#
.....#(####.........#
......oo)h#.........#
#####8)8##5..[......# ###
.8......##[........# ..#
.........##.........# ###
.._..⌠...##)........#
.........##.........#
..>......##..)......#
###############.........#
#........# #<........#


You could see an orc warrior (ally target), an orc and a friendly white imp
(summoned).

Vanquished Creatures
  Pikel (D:6)
  Sigmund (D:3)
  7 yaks (D:8)
  4 wyverns
  A steam dragon (D:8)
  A water moccasin (D:6)
  5 orc warriors
  3 sky beasts
  3 black bears (D:6)
  An ogre (D:4)
  A centaur (D:9)
  A lemure (D:6)
  A kobold brigand (D:7)
  3 scorpions
  4 wights (D:9)
  4 killer bees (D:7)
  6 howler monkeys
  An electric eel (D:8)
  2 gnoll boudas
  5 hounds
  A jelly (D:5)
  3 orc priests
  Ijyb (D:2)
  3 iguanas
  A sleepcap (D:7)
  4 orc wizards
  7 adders
  15 gnolls
  2 white imps
  4 ufetubi
  4 worms
  2 dart slugs
  39 orcs
  5 endoplasms
  3 giant cockroaches
  7 goblins
  6 hobgoblins
  4 jackals (D:5)
  8 ball pythons
  5 bats
  A frilled lizard (D:2)
  15 kobolds
  3 rats
198 creatures vanquished.

Notes
Turn   | Place    | Note
-------+----------+-------------------------------------------
     0 | D:1      | gelatine the Demonspawn Shapeshifter began the quest for
                  | the Orb.
     0 | D:1      | Reached XP level 1. HP: 15/15 MP: 1/1
   280 | D:1      | Gained mutation: You have large cloven feet. [demonic
                  | ancestry]
   280 | D:1      | Reached XP level 2. HP: 15/21 MP: 2/2
   340 | D:1      | Reached skill level 3 in Unarmed Combat
   360 | D:1      | Found a faded altar of an unknown god.
  1208 | D:2      | Reached XP level 3. HP: 26/26 MP: 3/3
  1982 | D:3      | Identified the +0 chain mail of Caps {rC+}
  2158 | D:3      | Noticed Ijyb
  2173 | D:4      | Reached XP level 4. HP: 17/32 MP: 4/4
  2317 | D:2      | Killed Ijyb
  2318 | D:2      | Reached skill level 4 in Unarmed Combat
  2927 | D:3      | Noticed Sigmund
  2944 | D:3      | Killed Sigmund
  2945 | D:3      | Reached skill level 1 in Armour
  2945 | D:3      | Gained mutation: You have hoof-like feet. [demonic
                  | ancestry]
  2945 | D:3      | Reached XP level 5. HP: 29/37 MP: 5/5
  2945 | D:3      | Gained mutation: You are partially covered in razor-sharp
                  | scales. (AC +1, Slay +1) [demonic ancestry]
  2945 | D:3      | Reached XP level 6. HP: 34/43 MP: 6/6
  3114 | D:4      | Found an opulent altar of Gozag.
  3149 | D:4      | Reached skill level 5 in Unarmed Combat
  3494 | D:4      | Reached skill level 1 in Stealth
  3681 | D:4      | Found a staircase to the Ecumenical Temple.
  3690 | Temple   | Found a transporter.
  3690 | Temple   | Found a transporter.
  3690 | Temple   | Found a transporter.
  3690 | Temple   | Found a transporter.
  3690 | Temple   | Entered the Ecumenical Temple
  3835 | D:4      | Found a snail-covered altar of Cheibriados.
  3874 | D:4      | Gained mutation: You are mostly covered in razor-sharp
                  | scales. (AC +2, Slay +2) [demonic ancestry]
  3874 | D:4      | Reached XP level 7. HP: 33/49 MP: 7/7
  4023 | D:5      | Entered Level 5 of the Dungeon
  4357 | D:5      | Found a sacrificial altar of Ru.
  4419 | D:5      | Reached skill level 6 in Unarmed Combat
  5032 | D:6      | Noticed Pikel
  5064 | D:6      | Reached skill level 1 in Throwing
  5068 | D:6      | Reached skill level 7 in Unarmed Combat
  5068 | D:6      | Gained mutation: You have hooves in place of feet. [demonic
                  | ancestry]
  5068 | D:6      | Reached XP level 8. HP: 37/57 MP: 8/8
  5079 | D:6      | Killed Pikel
  5207 | D:6      | Reached skill level 8 in Unarmed Combat
  5683 | D:7      | Gained mutation: A weak demonic guardian rushes to your
                  | aid. [demonic ancestry]
  5683 | D:7      | Reached XP level 9. HP: 64/64 MP: 9/9
  6002 | D:7      | Reached skill level 9 in Unarmed Combat
  6002 | D:7      | Reached skill level 5 in Shapeshifting
  6565 | D:7      | Found Irijayf's Overcharged Wands.
  7051 | D:8      | Reached skill level 10 in Unarmed Combat
  7325 | D:8      | Gained mutation: A meltable shield of frost defends you.
                  | (SH +4) [demonic ancestry]
  7325 | D:8      | Reached XP level 10. HP: 35/72 MP: 10/10
  8761 | D:9      | Found a staircase to the Orcish Mines.
  8782 | D:9      | Reached skill level 11 in Unarmed Combat
  9016 | D:9      | Mangled by an orc warrior

Illustrated notes

Levels and vault maps discovered:
D:1:      mrwooster_arrival_statue, layout_basic,
          shapermc_ecumenical_altar_totnotflames, nrook_loot_triangle
D:2:      layout_basic, hex_intersection
D:3:      layout_loops_ring, uniq_sigmund, uniq_ijyb
D:4:      layout_cave_pools, minmay_overflow_temple_star_quad,
          mainiacjoe_overflow_alcove_2, minmay_temple_entry_poolview
D:5:      layout_basic, nicolae_ru_path_of_blood
D:6:      layout_basic, nicolae_kite_square_tiling_tiny, uniq_pikel
D:7:      layout_loops_ring, nicolae_shop_overcharged_wands
D:8:      layout_basic
D:9:      layout_roguey, david_orc_5, minmay_sticks_and_stones
Temple:   hellmonk_temple_divided_pantheon

Skill      XL: |  1  2  3  4  5  6  7  8  9 10 |
---------------+-------------------------------+-----
Dodging        | 2 3 4 |  4.0
Unarmed Combat | 3 4 5 7 8 10 11 | 11.1
Shapeshifting  | 3 4 5 |  5.7
Armour         | 1 2 3 |  3.2
Stealth        | 1 2 |  2.3
Fighting       | 2 3 4 |  4.6
Throwing       | 1 2 |  2.2
Shields        | |  0.1
Evocations     | |  0.5

Action                     |  1- 3 |  4- 6 |  7- 9 | 10-12 || total
---------------------------+-------+-------+-------+-------++-------
  Melee: Unarmed           |   124 |   128 |   269 |    70 ||   591
         Punch             |     3 |     2 |     8 |     4 ||    17
         Kick              |    16 |    40 |    76 |    19 ||   151
         Staff             |       |       |       |     1 ||     1
  Throw: Dart              |       |    10 |     3 |     2 ||    15
         Throwing net      |       |     1 |     1 |       ||     2
         Stone             |       |       |    32 |    17 ||    49
  Evoke: Wand              |       |       |     3 |       ||     3
    Use: Scroll            |     6 |     5 |     5 |       ||    16
         Potion            |       |       |     4 |     1 ||     5
 Armour: Ring mail         |    56 |    35 |       |       ||    91
         Robe              |       |    38 |   108 |       ||   146
         Fire dragon scale |       |       |    50 |    54 ||   104
  Dodge: Dodged            |    60 |    77 |   137 |    21 ||   295
  Block: Other             |       |       |       |    15 ||    15

Table legend: (Time is in decaauts)
 A = Elapsed time spent in this place.
 B = Non-inter-level travel time spent in this place.
 C = Inter-level travel time spent in this place.
 D = Time resting spent in this place.
 E = Time spent auto-exploring this place.
 F = Levels seen in this place.
 G = Mean time per level.
                   A        B        C        D        E       F      G
               +--------+--------+--------+--------+--------+-----+--------+
         Total |   8943 |   8603 |    340 |      0 |   6998 |  10 |  894.3 |
       Dungeon |   8916 |   8602 |    314 |      0 |   6998 |   9 |  990.7 |
        Temple |     27 |      1 |     26 |      0 |      0 |   1 |   27.0 |
               +--------+--------+--------+--------+--------+-----+--------+

Top non-repeatable levels by time:
     D:8: 1547 daAuts
     D:7: 1340 daAuts
     D:1: 1154 daAuts
     D:4: 1039 daAuts
     D:2: 972 daAuts
     D:5: 927 daAuts
     D:3: 813 daAuts
     D:6: 602 daAuts
     D:9: 519 daAuts
  Temple: 27 daAuts
